 Dungeon Crawl Stone Soup version 0.30-a0-627-gc11e7ae810 (webtiles) character file.

Game seed: 416752313179295074

5254 M4edhros the Sneak (level 10, -3/65 HPs)
             Began as an Octopode Artificer on Jan 12, 2023.
             Was a Priest of Cheibriados.
             Killed from afar by a starcursed mass (5 damage)
             ... with an accursed screaming
             ... on level 1 of the Abyss.
             The game lasted 00:17:21 (6964 turns).

M4edhros the Sneak (Octopode Artificer)             Turns: 6964, Time: 00:17:22

Health: -3/65      AC: 16    Str: 22    XL:     10   Next: 62%
Magic:  14/14      EV: 16    Int: 18    God:    Cheibriados [***...]
Gold:   450        SH:  8    Dex: 22    Spells: 4/9 levels left

rFire   . . .      SeeInvis +    l - +1 flail (protect)
rCold   . . .      Faith    .    j - +2 buckler
rNeg    . . .      Spirit   .    g - +2 hood of the Assassin {Detection Stab+ Stlth++}
rPois   +          Reflect  .    I - amulet of the acrobat
rElec   .          Harm     .    i - ring of see invisible
rCorr   .          Rampage  .    w - +4 ring of protection
Will    .....                    A - ring of flight
Stlth   +++++++                  (no ring)
HPRegen 0.30/turn                (no ring)
MPRegen 0.14/turn                (no ring)
                                 (no ring)
                                 (no ring)

@: mighty, under a protective aura, flying, very slow
A: almost no armour, amphibious, 8 rings, camouflage 1, gelatinous body 1,
(nimble swimmer 1), tentacles, tentacle spike 1, iridescent scales 1, poison
resistance, strong 1
a: Renounce Religion, Bend Time, Temporal Distortion


You were on level 1 of the Abyss.
You worshipped Cheibriados.
Cheibriados was most pleased with you.
You visited 2 branches of the dungeon, and saw 11 of its levels.
You visited the Abyss 1 time.

You collected 479 gold pieces.
You donated 29 gold pieces to Zin.

Inventory:

Hand Weapons
 l - a +1 flail of protection (weapon)
Missiles
 e - 18 poisoned darts
 h - 2 throwing nets
 k - 6 atropa-tipped darts
 s - 2 javelins
 G - a curare-tipped dart
Armour
 g - the +2 hood of the Assassin (worn) {Detection Stab+ Stlth++}
   (You acquired it on level 9 of the Dungeon)

   It allows the wearer to sense nearby creatures.
   It allows the wearer to make particularly effective stabbing attacks against
   helpless or unaware enemies with any weapon.
   Stlth:     It makes you much more stealthy.
 j - a +2 buckler (worn)
Jewellery
 i - a ring of see invisible (left tentacle)
 w - a +4 ring of protection (right tentacle)
 A - a ring of flight (on tentacle)
 D - an amulet of magic regeneration
 I - an amulet of the acrobat (around mantle)
 J - a ring of ice
Wands
 b - a wand of flame (15) (quivered)
 c - a wand of charming (3)
 d - a wand of iceblast (3)
 r - a wand of mindburst (5)
Scrolls
 a - 3 scrolls of teleportation
 p - 2 scrolls of enchant weapon
 u - a scroll of poison {unknown}
 v - a scroll of amnesia {unknown}
 z - 5 scrolls of enchant armour
 C - a scroll of immolation {unknown}
 H - a scroll of fog
 K - 2 scrolls of magic mapping
Potions
 m - 2 potions of brilliance
 n - a potion of might
 o - a potion of attraction
 q - 3 potions of flight
 t - 3 potions of cancellation


   Skills:
 + Level 4.9 Fighting
 * Level 5.7 Maces & Flails
 + Level 5.4 Dodging
 + Level 7.0 Stealth
 * Level 5.8 Shields
 - Level 3.7 Unarmed Combat
 + Level 3.2 Conjurations
 + Level 3.2 Air Magic
 + Level 3.9 Poison Magic
 * Level 6.1 Invocations
 - Level 4.5 Evocations


You had 4 spell levels left.
You knew the following spells:

 Your Spells              Type           Power      Damage    Failure   Level
a - Poisonous Vapours     Pois/Air       24%        N/A       10%         2
b - Mephitic Cloud        Conj/Pois/Air  12%        N/A       21%         3

Your spell library contained the following spells:

 Spells                   Type           Power      Damage    Failure   Level
 Cigotuvi's Dreadful Rot  Necr/Pois/Air  16%        N/A       16%         2
 Kindle Blastsparks       Fire/Tloc/Air  6%         2d10      47%         3
 Gell's Gravitas          Tloc           0%         N/A       63%         3
 Lesser Beckoning         Tloc           0%         N/A       63%         3
 Teleport Other           Tloc           0%         N/A       63%         3
 Fulminant Prism          Conj/Hex       2%         3d5       82%         4
 Iskenderun's Mystic Bla  Conj/Tloc      5%         2d3       82%         4
 Lee's Rapid Deconstruct  Erth           0%         3d4*      100%        5


Dungeon Overview and Level Annotations

Branches:
Dungeon (10/15)            Temple (1/1) D:6            Lair (0/5) D:8
    Orc: D:9-12

Altars:
Ashenzari
Cheibriados
Dithmenos
Elyvilon
Fedhas
Gozag
Hepliaklqana
Kikubaaqudgha
Makhleb
Nemelex Xobeh
Okawaru
Qazlal
Ru
Sif Muna
Uskayaw
Xom
Yredelemnul
Zin
The Shining One

Shops:
D:5 *(   D:6 (

Annotations:
D:10 Erolcha


Innate Abilities, Weirdness & Mutations

You cannot wear most types of armour.
You are amphibious.
You can wear up to eight rings at the same time.
Your skin changes colour to match your surroundings (Stealth+).
Your rubbery body absorbs attacks. (AC +1, EV +1)
((You are camouflaged when in or above water. (Stealth+)))
You have tentacles for arms and can constrict up to eight enemies at once.
One of your tentacles bears a spike.
You are partially covered in iridescent scales. (AC +2)
Your system is resistant to poisons. (rPois)
Your muscles are strong. (Str +4, Int/Dex -1)


Message History

The large abomination hits you but does no damage.
You barely miss the large abomination.
The large abomination is severely damaged.
The starcursed mass touches you but does no damage.
The large abomination hits you but does no damage.
You hit the large abomination.
The large abomination is severely damaged.
The starcursed mass touches you.
The large abomination hits you but does no damage.
A chorus of shrieks assaults your mind.
* * * LOW HITPOINT WARNING * * *
You hit the large abomination but do no damage.
The large abomination is severely damaged.
You feel less wooden.
The +2 hood of the Assassin {Detection Stab+ Stlth++} unmelds from your body.
The large abomination closely misses you.
A chorus of shrieks assaults your mind.
* * * LOW HITPOINT WARNING * * *
Okay, then.
The large abomination attacks as you move away!
The large abomination barely misses you.
The large abomination completely misses you.
Aiming: Mindburst
Press: ? - help, Shift-Dir - straight line, f/p - large abomination
Aim: a large abomination (severely damaged, not susceptible)
Okay, then.
Okay, then.
You feel very mighty all of a sudden.
The large abomination barely misses you.
You hit the large abomination but do no damage.
The large abomination is severely damaged.
The large abomination completely misses you.
A chorus of shrieks assaults your mind.
* * * LOW HITPOINT WARNING * * *
You block the large abomination's attack.
You hit the large abomination but do no damage.
You pierce the large abomination!
The large abomination is almost destroyed.
A chorus of shrieks assaults your mind.
You die...

# . . # . #
..#. . . .
.. # ## .#.
# . . . #.
..# #.# .
### ##.##..
# .. # .
.....## #
..# #.... .
#
...##...##
.. ..
.#..#.@.# .
.#. #.#X###
#
#....##.XX#
.# .##.#
#...._# .
..
#...#.#..#
## . #
#..#.#...#
#...#.#
#.#.##.# #
##.#..#. #
####.....##
# .


You could see 2 starcursed masses and a large abomination.

Vanquished Creatures
  A two-headed ogre (D:9)
  A centaur warrior (D:9)
  A troll (D:8)
  Sigmund (D:2)
  A wraith (D:10)
  3 yaks (D:8)
  A steam dragon (D:8)
  An acid dragon (D:8)
  4 orc warriors
  2 black bears
  An ogre (D:3)
  5 centaurs
  3 kobold brigands
  2 bullfrogs (D:7)
  A gnoll sergeant (D:5)
  A scorpion (D:4)
  9 killer bees
  3 hounds
  8 orc priests
  A gnoll bouda (D:7)
  3 jellies
  8 orc wizards
  An iguana (D:6)
  Robin (D:2)
  12 gnolls
  An adder (D:5)
  A white imp (D:6)
  An ufetubus (D:4)
  4 worms
  6 dart slugs
  26 orcs
  9 ball pythons
  2 endoplasms
  10 giant cockroaches
  11 goblins
  12 hobgoblins
  6 jackals
  17 kobolds
  10 quokkas
  7 bats
  A frilled lizard (D:1)
  7 rats
206 creatures vanquished.

Vanquished Creatures (collateral kills)
  A gnoll (D:2)
  A dart slug (D:2)
  An orc (D:8)
  A giant cockroach (D:2)
4 creatures vanquished.

Vanquished Creatures (others)
  3 yaks (D:8)
  An orc wizard (D:6)
  40 plants (D:2)
  A withered plant (D:7)
45 creatures vanquished.

Grand Total: 255 creatures vanquished

Notes
Turn   | Place    | Note
-------+----------+-------------------------------------------
     0 | D:1      | M4edhros the Octopode Artificer began the quest for the
                  | Orb.
     0 | D:1      | Reached XP level 1. HP: 13/13 MP: 1/1
   162 | D:1      | Reached XP level 2. HP: 14/18 MP: 2/2
   191 | D:2      | Noticed Sigmund
   198 | D:2      | Reached skill level 2 in Stealth
   210 | D:2      | Reached skill level 1 in Unarmed Combat
   216 | D:2      | Reached XP level 3. HP: 15/23 MP: 3/3
   263 | D:3      | Identified the +1 ring mail "Noej Rits" {rPois rC+ SInv}
   365 | D:4      | Noticed a black bear
   371 | D:4      | Killed a black bear
   372 | D:4      | Reached XP level 4. HP: 29/29 MP: 4/4
   372 | D:4      | Reached XP level 5. HP: 34/34 MP: 5/5
   541 | D:5      | Entered Level 5 of the Dungeon
   546 | D:5      | Found a sparkling altar of Nemelex Xobeh.
   576 | D:5      | Reached skill level 3 in Stealth
   767 | D:6      | Gained mutation: Your system is resistant to poisons.
                  | (rPois) [potion of mutation]
   767 | D:6      | Gained mutation: Your muscles are strong. (Str +4, Int/Dex
                  | -1) [potion of mutation]
   767 | D:6      | Gained mutation: One of your tentacles bears a spike.
                  | [potion of mutation]
   767 | D:6      | Gained mutation: You are partially covered in iridescent
                  | scales. (AC +2) [potion of mutation]
   775 | D:6      | Noticed a black bear
   782 | D:6      | Killed a black bear
   783 | D:6      | Reached XP level 6. HP: 5/40 MP: 6/6
  1215 | D:6      | Found a staircase to the Ecumenical Temple.
  1223 | Temple   | Entered the Ecumenical Temple
  1228 | Temple   | Became a worshipper of Zin the Law-Giver
  1317 | D:6      | Was placed under penance by Zin
  1424 | D:5      | Reached skill level 4 in Stealth
  1454 | D:5      | Found Pomof's Antique Weapon Emporium.
  1758 | D:1      | Reached XP level 7. HP: 40/45 MP: 7/7
  1955 | D:1      | Learned a level 2 spell: Poisonous Vapours
  1959 | D:1      | Learned a level 3 spell: Mephitic Cloud
  2101 | D:2      | Killed Sigmund
  2102 | D:2      | Reached skill level 1 in Maces & Flails
  2102 | D:2      | Reached skill level 1 in Shields
  2102 | D:2      | Reached skill level 1 in Invocations
  2143 | D:2      | Was forgiven by Zin
  2325 | D:2      | Reached * piety under Zin
  2383 | D:2      | Noticed Robin
  2406 | D:2      | Killed Robin
  2641 | D:3      | Found a stormy altar of Qazlal.
  2749 | D:3      | You fall into a shaft and drop 3 floors!
  3431 | D:4      | Reached XP level 8. HP: 43/52 MP: 9/9
  3551 | D:4      | Reached ** piety under Zin
  4402 | D:5      | Found Csygoept's Commerce Corner.
  4780 | D:6      | Reached skill level 5 in Stealth
  4784 | D:6      | Found a snail-covered altar of Cheibriados.
  4796 | D:6      | Fell from the grace of Zin
  4796 | D:6      | Became a worshipper of Cheibriados the Contemplative
  4877 | D:6      | Found Bomoi's Antique Weapon Shoppe.
  4967 | D:7      | Reached * piety under Cheibriados
  5039 | D:7      | Found an ancient bone altar of Kikubaaqudgha.
  5148 | D:7      | Reached skill level 1 in Poison Magic
  5160 | D:7      | Reached skill level 1 in Air Magic
  5161 | D:7      | Reached skill level 1 in Conjurations
  5222 | D:7      | Reached XP level 9. HP: 44/58 MP: 11/11
  5674 | D:8      | Noticed a troll
  5687 | D:8      | Killed a troll
  5756 | D:8      | Reached ** piety under Cheibriados
  5761 | D:8      | Reached skill level 6 in Stealth
  6031 | D:8      | Reached skill level 5 in Dodging
  6031 | D:8      | Reached skill level 5 in Invocations
  6052 | D:8      | Reached XP level 10. HP: 26/65 MP: 13/13
  6063 | D:8      | Reached skill level 5 in Shields
  6204 | D:8      | Found a staircase to the Lair.
  6345 | D:9      | Reached skill level 5 in Maces & Flails
  6426 | D:9      | Identified a scroll of acquirement
  6426 | D:9      | Acquired the +2 hood of the Assassin {Detection Stab+
                  | Stlth++}
  6426 | D:9      | Found the +2 hood of the Assassin {Detection Stab+ Stlth++}
  6545 | D:9      | Noticed a centaur warrior
  6555 | D:9      | Killed a centaur warrior
  6572 | D:10     | Entered Level 10 of the Dungeon
  6590 | D:9      | Noticed a two-headed ogre
  6603 | D:9      | Killed a two-headed ogre
  6712 | D:10     | Reached *** piety under Cheibriados
  6739 | D:10     | Reached skill level 7 in Stealth
  6811 | D:10     | Noticed Erolcha
  6831 | Abyss:1  | Cast into level 1 of the Abyss (Erolcha)
  6870 | Abyss:1  | Found a hide-covered altar of Uskayaw.
  6891 | Abyss:1  | Noticed a starcursed mass
  6914 | Abyss:1  | Noticed a smoke demon
  6927 | Abyss:1  | Found a hide-covered altar of Uskayaw.
  6936 | Abyss:1  | Noticed a large abomination
  6936 | Abyss:1  | Noticed an eidolon
  6936 | Abyss:1  | Noticed a large abomination
  6940 | Abyss:1  | Found a hide-covered altar of Uskayaw.
  6963 | Abyss:1  | HP: 1/65 [starcursed mass/accursed screaming (7)]
  6964 | Abyss:1  | Killed from afar by a starcursed mass

Illustrated notes

Levels and vault maps discovered:
D:1:      scummos_arrival_simple_crosswalls, layout_loops_ring
D:2:      wad_woods_settlement, layout_rooms, chequers_big_river,
          nrook_campfire, uniq_sigmund, uniq_robin
D:3:      layout_basic, mainiacjoe_overflow_cross_hatched,
          chequers_serial_rivers_large_a, nicolae_eternal_life,
          grunt_ministairs_4
D:4:      layout_layer_cave
D:5:      layout_loops_ring, nemelex_xobeh_ov_fountains_minmay,
          nicolae_vehumet_radiance, serial_shops, nicolae_shop_hallway_plus,
          nicolae_alphabet_shops, hangedman_decor_clover_reticule,
          glass_columns_a
D:6:      layout_loops_corners, kennysheep_slug_shrine,
          minmay_temple_entry_butterflies, serial_shops, shop
D:7:      layout_loops_ring, kiku_gazebo_garden_becter,
          kennysheep_decorative_pillar, roderic_roman_lattice,
          kb_lookout_dungeons_type
D:8:      layout_rooms, dpeg_oklobed_lair
D:9:      cheibrodos_steamvent, layout_long_grid, lemuel_round_altar
D:10:     layout_stronghold, trog_ov_bears_minmay, uniq_erolcha
Temple:   minmay_freezing_vapour_temple
Abyss:1:  base:
D:2

Skill      XL: |  1  2  3  4  5  6  7  8  9 10 |
---------------+-------------------------------+-----
Stealth        | 2 3 4 5 6 7 |  7.0
Unarmed Combat | 1 2 3 |  3.7
Fighting       | 2 3 4 |  4.9
Dodging        | 3 4 5 |  5.4
Evocations     | 4 |  4.5
Maces & Flails | 2 3 4 5 |  5.7
Shields        | 2 3 4 5 |  5.8
Invocations    | 2 3 5 6 |  6.1
Poison Magic   | 1 3 |  3.9
Air Magic      | 1 2 3 |  3.2
Conjurations   | 1 2 3 |  3.2

Action                   |  1- 3 |  4- 6 |  7- 9 | 10-12 || total
-------------------------+-------+-------+-------+-------++-------
Melee: Unarmed           |    48 |    74 |       |       ||   122
       Constrict         |    16 |    24 |    64 |    10 ||   114
       Tentacles         |     7 |    17 |    67 |    15 ||   106
       Punch             |     2 |     3 |    13 |     5 ||    23
       Kick              |       |    21 |   118 |    35 ||   174
       Flail             |       |    19 |   297 |    90 ||   406
Evoke: Wand              |     8 |     6 |    14 |     5 ||    33
  Use: Potion            |       |     4 |     1 |     3 ||     8
       Scroll            |       |       |       |    17 ||    17
 Stab: Sleeping          |     5 |     3 |    34 |     5 ||    47
       Distracted        |       |       |       |     1 ||     1
Armor: Skin              |     9 |    15 |   119 |    28 ||   171
Dodge: Dodged            |    35 |    74 |   213 |    53 ||   375
Block: Buckler           |       |    10 |   131 |    38 ||   179

Table legend: (Time is in decaauts)
 A = Elapsed time spent in this place.
 B = Non-inter-level travel time spent in this place.
 C = Inter-level travel time spent in this place.
 D = Time resting spent in this place.
 E = Time spent auto-exploring this place.
 F = Levels seen in this place.
 G = Mean time per level.
                   A        B        C        D        E       F      G
               +--------+--------+--------+--------+--------+-----+--------+
         Total |   7777 |   7158 |    619 |    177 |   4073 |  12 |  648.1 |
       Dungeon |   7572 |   6958 |    614 |    177 |   4073 |  10 |  757.2 |
        Temple |     10 |      5 |      5 |      0 |      0 |   1 |   10.0 |
         Abyss |    194 |    194 |      0 |      0 |      0 |   1 |  194.0 |
               +--------+--------+--------+--------+--------+-----+--------+

Top non-repeatable levels by time:
     D:4: 1317 daAuts
     D:7: 1116 daAuts
     D:6: 1028 daAuts
     D:3: 852 daAuts
     D:8: 761 daAuts
     D:1: 648 daAuts
     D:2: 630 daAuts
     D:5: 507 daAuts
     D:9: 402 daAuts
    D:10: 307 daAuts
 Abyss:1: 194 daAuts
  Temple: 10 daAuts
